 Dungeon Crawl Stone Soup version 0.26-a0-663-g36e8fdb655 (webtiles) character file.

Game seed: 3723681913696014201

2632 halkony2012 the Cleaver (level 9, -9/78 HPs)
             Began as a Minotaur Fighter on Oct 10, 2020.
             Was a Priest of Makhleb.
             Mangled by a death yak (17 damage)
             ... on level 7 of the Dungeon.
             The game lasted 00:11:42 (6171 turns).

halkony2012 the Cleaver (Minotaur Fighter)          Turns: 6171, Time: 00:11:43

Health: -9/78      AC: 18    Str: 25    XL:     9   Next: 35%
Magic:  8/8        EV:  2    Int: 11    God:    Makhleb [***...]
Gold:   346        SH:  0    Dex:  9    Spells: 8/8 levels left

rFire    . . .     SeeInvis .   a - +1 war axe
rCold    + . .     Faith    .   c - +0 kite shield
rNeg     . . .     Spirit   .   e - +1 crystal plate armour
rPois    .         Reflect  +   (helmet restricted)
rElec    .         Harm     .   (no cloak)
rCorr    .         Rampage  .   p - +0 pair of gloves
MR       .....                  (no boots)
Stlth    ..........             s - amulet of reflection
HPRegen  0.23/turn              x - ring of protection from cold
MPRegen  0.11/turn              k - +6 ring of intelligence

@: confused
A: retaliatory headbutt, horns 2
a: Minor Destruction, Lesser Servant of Makhleb, Renounce Religion


You were on level 7 of the Dungeon.
You worshipped Makhleb.
Makhleb was most pleased with you.
You visited 2 branches of the dungeon, and saw 9 of its levels.

You collected 346 gold pieces.

Inventory:

Hand Weapons
 a - a +1 war axe (weapon)
 y - a +0 battleaxe
Armour
 b - a +0 scale mail
 c - a +0 kite shield (worn)
 e - a +1 crystal plate armour (worn)
 p - a +0 pair of gloves (worn)
Jewellery
 k - a +6 ring of intelligence (right hand)
 l - an uncursed ring of teleportation
 s - an amulet of reflection (around neck)
 x - a ring of protection from cold (left hand)
Scrolls
 g - 2 scrolls of fog
 h - 3 scrolls of enchant armour
 j - a scroll of fear
 m - a scroll of brand weapon {unknown}
 o - a scroll of silence {unknown}
 q - a scroll of magic mapping
 r - a scroll of amnesia
 v - a scroll of identify
 z - a scroll of teleportation
 B - a scroll of noise {unknown}
Potions
 d - a potion of might
 f - 2 potions of curing
 i - a potion of ambrosia
 n - a potion of heal wounds {unknown}
 t - a potion of magic {unknown}
 u - 2 potions of lignification
 w - 2 potions of degeneration {unknown}
 A - a potion of resistance {unknown}


   Skills:
 + Level 6.6 Fighting
 * Level 13.6 Axes
 - Level 3.9 Armour
 - Level 3.8 Shields


You had 8 spell levels left.
You didn't know any spells.
Your spell library was empty.

Dungeon Overview and Level Annotations

Branches:
Dungeon (8/15)             Temple (1/1) D:4            Lair (0/6) D:8

Altars:
Ashenzari
Cheibriados
Dithmenos
Elyvilon
Fedhas
Gozag
Hepliaklqana
Kikubaaqudgha
Makhleb
Nemelex Xobeh
Okawaru
Qazlal
Ru
Sif Muna
Uskayaw
Vehumet
Wu Jian
Xom
Yredelemnul
Zin
The Shining One

Annotations:
D:7 2 transporters


Innate Abilities, Weirdness & Mutations

You reflexively headbutt those who attack you in melee.
You have a pair of horns on your head.


Message History

The death yak gores you but does no damage. x2
You block the death yak's attack. The death yak gores you.
* * * LOW HITPOINT WARNING * * *
You block the death yak's attack. You block the death yak's attack.
The death yak snorts and paws the ground.
The death yak gores you but does no damage.
It was a potion of ambrosia.
You are confused.
You feel invigorated. The death yak gores you!
* * * LOW HITPOINT WARNING * * *
You hit the death yak but do no damage. Your headbutt misses the death yak.
The death yak is lightly wounded.
The death yak gores you.
* * * LOW HITPOINT WARNING * * *
You bump into the rock wall.
The death yak gores you!
* * * LOW HITPOINT WARNING * * *
You're too confused to move!
The death yak gores you!
You die...

..####..#..##..........#$$#..#..#
##..##....###.......##.####......
###.#...####.##....##.♣..#..#
##...## #..###........©#..# ##.##
##.## #......♣..#..# .#
##...###..# ##......####.W. ..
###..#.....## #.......#s.#..# .#
##..####.....###...##..#..'.###.#
#.### #..###..YY@#.###.#(.#O.#..#
.## ##.####..Y####.##.##⌠#....S.
.# ##.####....## #.##..###..####
.####..###......###.......####...
.......#.....##..#..#...#........
#######...##.###>..###..####....#
#..###.# #.### ##.##....... ##
#......###.# ##....##.... .#
#..#.......#####...####....


You could see 3 death yaks.

Vanquished Creatures
  3 orc warriors
  A sky beast (D:3)
  A phantom (D:7)
  2 ogres
  3 centaurs
  8 bullfrogs
  3 scorpions
  2 howler monkeys (D:4)
  A hound (D:4)
  A centaur zombie (D:7)
  4 orc priests
  5 worker ants
  3 hell rats (D:8)
  2 iguanas
  Natasha (thrice) (D:3)
  7 orc wizards
  Robin (D:3)
  A worker ant zombie (D:7)
  11 adders
  2 river rats (D:8)
  3 shadow imps
  2 white imps (D:6)
  3 adder skeletons
  An adder zombie (D:5)
  3 dart slugs
  3 leopard geckos
  26 orcs
  10 bats
  6 giant cockroaches
  16 goblins
  7 hobgoblins
  18 jackals
  5 kobolds
  3 quokkas (D:8)
  2 ball pythons
  4 frilled lizards
  A giant cockroach zombie (D:6)
  2 leopard gecko skeletons
  A quokka zombie (D:5)
  6 rats
186 creatures vanquished.

Vanquished Creatures (others)
  40 plants (D:4)
40 creatures vanquished.

Grand Total: 226 creatures vanquished

Notes
Turn   | Place    | Note
-------+----------+-------------------------------------------
     0 | D:1      | halkony2012 the Minotaur Fighter began the quest for the
                  | Orb.
     0 | D:1      | Reached XP level 1. HP: 19/19 MP: 0/0
    89 | D:1      | Reached XP level 2. HP: 17/27 MP: 1/1
   427 | D:1      | Reached skill level 3 in Axes
   599 | D:1      | Reached XP level 3. HP: 33/33 MP: 2/2
  1021 | D:2      | Found a basalt altar of Yredelemnul.
  1021 | D:2      | Found a stormy altar of Qazlal.
  1249 | D:2      | Reached skill level 4 in Axes
  1697 | D:2      | Found a hazy altar of Hepliaklqana.
  1705 | D:2      | Reached XP level 4. HP: 40/40 MP: 3/3
  1759 | D:3      | Noticed a sky beast
  1777 | D:3      | Killed a sky beast
  1777 | D:3      | Reached skill level 6 in Axes
  1777 | D:3      | Reached XP level 5. HP: 40/47 MP: 4/4
  1941 | D:3      | Noticed Robin
  1974 | D:3      | Killed Robin
  1977 | D:3      | Noticed Natasha
  1985 | D:3      | Killed Natasha
  2074 | D:3      | Reached skill level 7 in Axes
  2074 | D:3      | Reached XP level 6. HP: 47/53 MP: 5/5
  2238 | D:3      | Noticed Natasha
  2245 | D:3      | Killed Natasha
  2289 | D:3      | Noticed Natasha
  2297 | D:3      | Killed Natasha
  2459 | D:4      | Found a staircase to the Ecumenical Temple.
  2470 | Temple   | Entered the Ecumenical Temple
  2519 | Temple   | Became a worshipper of Makhleb the Destroyer
  2568 | D:4      | Reached skill level 8 in Axes
  2814 | D:4      | Reached XP level 7. HP: 60/60 MP: 6/6
  2832 | D:4      | Reached skill level 5 in Fighting
  2915 | D:4      | Reached skill level 9 in Axes
  3184 | D:5      | Entered Level 5 of the Dungeon
  3360 | D:5      | Found an iron altar of Okawaru.
  3462 | D:5      | Found a white marble altar of Elyvilon.
  3601 | D:5      | Found a glowing silver altar of Zin.
  3734 | D:6      | Reached skill level 10 in Axes
  3786 | D:6      | Reached XP level 8. HP: 54/68 MP: 7/7
  3871 | D:6      | Reached * piety under Makhleb
  3942 | D:6      | Reached skill level 11 in Axes
  4589 | D:7      | Reached skill level 12 in Axes
  4713 | D:7      | Reached ** piety under Makhleb
  4760 | D:7      | Reached XP level 9. HP: 73/75 MP: 8/8
  4951 | D:7      | Reached skill level 13 in Axes
  4967 | D:7      | Noticed a five-headed hydra
  4969 | D:7      | Found a transporter.
  5642 | D:7      | Found a transporter.
  5997 | D:8      | Reached *** piety under Makhleb
  6144 | D:8      | Noticed a death yak
  6144 | D:8      | Noticed a death yak
  6145 | D:8      | Noticed a death yak
  6155 | D:8      | Found a staircase to the Lair.
  6171 | D:7      | Mangled by a death yak

Illustrated notes

Levels and vault maps discovered:
D:1:      dpeg_arrival_tiny_g, layout_basic
D:2:      layout_basic, lemuel_round_altar, gammafunk_temple_overflow_statue,
          kennysheep_generic_room_13
D:3:      layout_basic, uniq_robin, uniq_natasha
D:4:      layout_loops_ring, minmay_temple_entry_antechambers, serial_bayou,
          serial_bayou_crossing, serial_bayou_pond_b, serial_bayou_lagoon_a,
          serial_bayou_shore_b, serial_bayou_pond_d, serial_bayou_shore_b,
          minmay_misc_feat_four_crosses
D:5:      layout_rooms, lemuel_coloured_pillars_altar,
          nicolae_overflow_crystal_walls, okawaru_trees_1
D:6:      layout_rooms
D:7:      gammafunk_the_bubble [the_bubble_gammafunk_plus_minus],
          layout_layer_cave
D:8:      layout_rooms, dpeg_lair_monsters
Temple:   eino_wide_crystal_templ

Skill      XL: |  1  2  3  4  5  6  7  8  9 |
---------------+----------------------------+-----
Fighting       | 4 5 6 |  6.6
Axes           | 3 4 6 7 8 10 12 13 | 13.6
Armour         | |  3.9
Shields        | |  3.8

Action                   |  1- 3 |  4- 6 |  7- 9 || total
-------------------------+-------+-------+-------++-------
Melee: War axe           |   125 |    96 |   277 ||   498
       Headbutt          |    13 |    16 |    50 ||    79
  Use: Scroll            |       |       |    14 ||    14
       Potion            |       |       |     1 ||     1
Armor: Scale mail        |     6 |       |       ||     6
       Crystal plate arm |   112 |    76 |   129 ||   317
Dodge: Dodged            |    10 |     4 |    15 ||    29
Block: Kite shield       |    97 |    74 |   178 ||   349
       Reflection        |       |       |    11 ||    11

Table legend: (Time is in decaauts)
 A = Elapsed time spent in this place.
 B = Non-inter-level travel time spent in this place.
 C = Inter-level travel time spent in this place.
 D = Time resting spent in this place.
 E = Time spent auto-exploring this place.
 F = Levels seen in this place.
 G = Mean time per level.
                   A        B        C        D        E       F      G
               +--------+--------+--------+--------+--------+-----+--------+
         Total |   6276 |   6064 |    212 |      2 |   4854 |   9 |  697.3 |
       Dungeon |   6215 |   6013 |    202 |      2 |   4812 |   8 |  776.9 |
        Temple |     60 |     50 |     10 |      0 |     42 |   1 |   60.0 |
               +--------+--------+--------+--------+--------+-----+--------+

Top non-repeatable levels by time:
     D:7: 1464 daAuts
     D:1: 905 daAuts
     D:2: 893 daAuts
     D:4: 879 daAuts
     D:6: 768 daAuts
     D:3: 580 daAuts
     D:5: 507 daAuts
     D:8: 216 daAuts
  Temple: 60 daAuts
